 Dungeon Crawl Stone Soup version 0.25-a0-424-g80bd347ae0 (webtiles) character file.

Game seed: 3541145951852707455, levelgen mode: deterministic

23 Lugonue the Sneak (level 3, 0/16 HPs)
             Began as a Vine Stalker Enchanter on Jan 22, 2020.
             Slain by a kobold
             ... wielding a +0 short sword
              (4 damage)
             ... on level 2 of the Dungeon.
             The game lasted 00:01:24 (727 turns).

Lugonue the Sneak (Vine Stalker Enchanter)           Turns: 727, Time: 00:01:24

Health: 0/16       AC:  4    Str:  7 (10) XL:     3   Next: 0%
Magic:  0/7        EV: 12    Int: 14 (15) God:
Gold:   48         SH:  0    Dex: 14 (15) Spells: 6/7 levels left

rFire    . . .     SeeInvis .   a - +1 dagger
rCold    . . .     Gourm    .   (no shield)
rNeg     . . .     Faith    .   b - +0 robe
rPois    .         Spirit   +   (no helmet)
rElec    .         Reflect  .   g - +1 cloak
rCorr    .         Harm     .   (no gloves)
MR       .....                  (no boots)
Stlth    +++.......             (no amulet)
HPRegen  0.05/turn              (no ring)
MPRegen  0.10/turn              (no ring)

@: no status effects
A: fangs 2, magic shield, antimagic bite, no potion heal 3, rot immunity
a: no special abilities


You were on level 2 of the Dungeon.
You were not hungry.

You visited 1 branch of the dungeon, and saw 2 of its levels.

You collected 48 gold pieces.

Inventory:

Hand Weapons
 a - a +1 dagger (weapon)
Armour
 b - a +0 robe (worn)
 c - a +0 shield
 g - a +1 cloak (worn)
Scrolls
 i - a scroll of enchant armour
Comestibles
 d - 2 rations


   Skills:
 + Level 0.9 Short Blades
 + Level 1.6 Dodging
 * Level 4.4 Stealth
 + Level 2.5 Spellcasting
 * Level 3.2 Hexes


You had 6 spell levels left.
You knew the following spells:

 Your Spells              Type           Power        Failure   Level  Hunger
a - Corona                Hex            ##.....      6%          1    #......

Your spell library contained the following spells:

 Spells                   Type           Power        Failure   Level  Hunger
 Ensorcelled Hibernation  Hex/Ice        #.....       17%         2    ###....
 Confusing Touch          Hex            ##......     19%         3    ###....
 Tukima's Dance           Hex            ##......     19%         3    ###....
 Dazzling Flash           Conj/Hex       #.....       34%         3    ###....


Dungeon Overview and Level Annotations

Branches:
Dungeon (2/15)

Altars:


Innate Abilities, Weirdness & Mutations

You have extremely sharp teeth.
When hurt, damage is shared between your health and your magic reserves.
Your bite disrupts and absorbs the magic of your enemies.
Potions cannot restore your health.
You are immune to rotting.


Message History

The rat bites you but does no damage. x2
You hit the rat.
You kill the rat!
You miss the frilled lizard. You bite the frilled lizard.
You kill the frilled lizard!
You have reached level 3!
Your experience leads to an increase in your attributes!
Your base attributes are Str 10, Int 15, Dex 14.
Increase (S)trength, (I)ntelligence, or (D)exterity?
You feel agile.
A goblin comes into view.
You barely miss the kobold. You bite the kobold, but do no damage.
The kobold hits you but does no damage.
You miss the kobold.
The kobold hits you with a +0 short sword.
* * * LOW HITPOINT WARNING * * *
You are too injured to fight recklessly!
You hit the kobold but do no damage. Your bite misses the kobold.
The kobold hits you with a +0 short sword.
You die...

#.# #######.#
#.......# #.#######
#.# ####### #.#
#.....# #.# #.###.#
#.# #.# #.# #
#.#####.# #@# .#
#.......# #K# ..#
#########.#r###...##
...............#
.#####!........#
.......†..###.#
#####........
#.....###.# #.....#


You could see a kobold and a rat.

Vanquished Creatures
  An adder (D:2)
  A leopard gecko (D:1)
  A hobgoblin (D:1)
  2 quokkas (D:2)
  A ball python (D:1)
  A bat (D:1)
  4 frilled lizards
  A goblin (D:1)
  2 kobolds (D:1)
  A rat (D:2)
15 creatures vanquished.

Notes
Turn   | Place    | Note
-------+----------+-------------------------------------------
     0 | D:1      | Lugonue the Vine Stalker Enchanter began the quest for the
                  | Orb.
     0 | D:1      | Reached XP level 1. HP: 9/9 MP: 4/4
   336 | D:1      | Reached XP level 2. HP: 11/13 MP: 6/6
   708 | D:2      | Reached skill level 4 in Stealth
   724 | D:2      | Reached XP level 3. HP: 7/16 MP: 2/7
   727 | D:2      | Slain by a kobold

Levels and vault maps discovered:
D:1:      dpeg_arrival_concentric_ovals, layout_basic
D:2:      layout_basic, okawaru_trees_1, first_ration,
          chequers_serial_rivers_micro_b

Skill      XL: |  1  2 |
---------------+-------+-----
Stealth        | 4 |  4.4
Short Blades   | |  0.9
Dodging        | |  1.6
Spellcasting   | |  2.5
Hexes          | |  3.2

Action                   || total
-------------------------++-------
Melee: Dagger            ||    42
       Bite              ||     6
 Cast: Corona            ||     1
  Use: Potion            ||     3
       Scroll            ||     2
 Stab: Sleeping          ||     4
Armor: Robe              ||    15
Dodge: Dodged            ||    31

Table legend:
 A = Non-vault XP
 B = Vault XP
 C = Vault XP percentage of total XP
 D = Non-vault monster count
 E = Vault monster count
 F = Vault count percentage of total count
                 A         B        C        D         E       F
            +---------+---------+-------+---------+---------+-------
      Total |      34 |       0 |   0.0 |      15 |       0 |   0.0
            +---------+---------+-------+---------+---------+-------
        D:1 |      14 |       0 |   0.0 |      10 |       0 |   0.0
        D:2 |      20 |       0 |   0.0 |       5 |       0 |   0.0
            +---------+---------+-------+---------+---------+-------
